[Event "Late-Titled-Tuesday-Blitz-April-16-2024"]
[Site "Chess.com"]
[Date "2024.04.16"]
[Round "7"]
[White "GMG"]
[Black "dropstoneDP"]
[Result "1/2-1/2"]
[WhiteElo "2830"]
[BlackElo "3047"]
[TimeControl "180+1"]
[EndTime "15:13:01 PDT"]
[Termination "Game drawn by agreement"]

1. Nf3 d5 2. g3 g6 3. d4 Bg7 4. c4 dxc4 5. Na3 Nf6 6. Nxc4 O-O 7.
Bg2 c5 8. O-O Be6 9. b3 Nc6 10.
Bb2 cxd4 11. Nxd4 Nxd4 12. Qxd4 Qxd4 13. Bxd4 Bxc4 14. bxc4 Rac8 15. Bxa7 Rxc4 16. Rab1 Rc2 17. Rxb7 Rxe2 18. a4 Ra2 19. Bc6 Rc8 20. Bb5 Nd5 21.
Rd1 e6 22. Rb8 Rxb8 23. Bxb8 Bf8 24. Bc4 Rxa4 25. Bxd5 exd5 26. Rxd5 Be7 27. Bd6 Bxd6 28. Rxd6 Kg7 29. h4 h5 30. Kg2 Ra7 1/2-1/2

[Event "Late-Titled-Tuesday-Blitz-April-16-2024"]
[Site "Chess.com"]
[Date "2024.04.16"]
[Round "7"]
[White "Itay121"]
[Black "hristos03"]
[Result "1-0"]
[WhiteElo "2536"]
[BlackElo "2367"]
[TimeControl "180+1"]
[EndTime "15:13:05 PDT"]
[Termination "Itay121 won by resignation"]

1. e4 e5 2. Nc3 Nf6 3. f4 d5 4.
Qe2 exf4 5. d4 dxe4 6. Nxe4 Nxe4 7. Qxe4+ Be7 8. Bxf4 O-O 9. Bd3 g6 10. O-O-O Nc6 11. Nf3 Nb4 12. Qe1 Nxa2+ 13. Kb1 Nb4 14. Bc4 Bf5 15. Rc1 c6 16. Ne5 b5 17.
Bb3 a5 18. g4 a4 19. Bxf7+ Rxf7 20. Nxf7 Qd5 21. Nh6+ Kf8 22. Rd1 Nxc2 23. Qe5 Nxd4+ 24. gxf5 1-0

[Event "Late-Titled-Tuesday-Blitz-April-16-2024"]
[Site "Chess.com"]
[Date "2024.04.16"]
[Round "7"]
[White "cristiano78"]
[Black "LUISMIGUELOV"]
[Result "0-1"]
[WhiteElo "2269"]
[BlackElo "2190"]
[TimeControl "180+1"]
[EndTime "15:13:06 PDT"]
[Termination "LUISMIGUELOV won by resignation"]

1. d4 d5 2. c4 c6 3. Nf3 Nf6 4. Nc3 dxc4 5. a4 Bf5 6. e3 e6 7.
Bxc4 Bb4 8. O-O O-O 9. Qe2 a5 10. e4 Bg6 11. e5 Nd5 12. Nxd5 exd5 13. Bd3 Bxd3 14. Qxd3 Nd7 15. Ng5 g6 16. Qh3 h5 17.
e6 fxe6 18. Nxe6 Qf6 19. Nxf8 Nxf8 20. Be3 Re8 21. Rad1 Re4 22. Qc8 Qf7 23. h4 Kh7 24. g3 Ne6 25. Rd3 Ng7 26. Qh3 Nf5 27. Bg5 Nxd4 28. Re3 Rg4 29. Re7 Bxe7 30. Bxe7 Qxe7 0-1

[Event "Late-Titled-Tuesday-Blitz-April-16-2024"]
[Site "Chess.com"]
[Date "2024.04.16"]
[Round "7"]
[White "DeArron_Fox"]
[Black "HamedWafa4"]
[Result "0-1"]
[WhiteElo "2574"]
[BlackElo "2763"]
[TimeControl "180+1"]
[EndTime "15:13:12 PDT"]
[Termination "HamedWafa4 won by resignation"]

1. d4 Nf6 2. c4 e6 3. Nf3 Bb4+ 4.
Bd2 Be7 5. g3 O-O 6. Bg2 d5 7.
O-O a5 8. Bf4 dxc4 9. Nbd2 b5 10. a4 c6 11. Ne5 Nd5 12. b3 c3 13. Ne4 b4 14. Qc2 Bb7 15. Rad1 Nd7 16. Nc4 Nxf4 17.
gxf4 Qc7 18. e3 c5 19. dxc5 Nxc5 20. Ne5 Nxe4 21. Rd7 Qc8 22. Rxe7 Nd6 23. Bxb7 Nxb7 24. Rd1 Nd8 25. Rdd7 Nc6 26. Nxc6 Qxc6 27. h4 Rad8 28. Rc7 Qf3 29. Kh2 Rd2 0-1

[Event "Late-Titled-Tuesday-Blitz-April-16-2024"]
[Site "Chess.com"]
[Date "2024.04.16"]
[Round "7"]
[White "HanSchut"]
[Black "Slovineanu"]
[Result "0-1"]
[WhiteElo "2317"]
[BlackElo "2487"]
[TimeControl "180+1"]
[EndTime "15:13:12 PDT"]
[Termination "Slovineanu won by resignation"]

1. e4 c6 2. d4 d5 3. e5 Bf5 4. h4 h5 5. Bg5 Qb6 6. Bd3 Qxd4 7. Nf3 Qg4 8. Bxf5 Qxf5 9. O-O f6 10. c4 fxg5 11.
cxd5 gxh4 12. Nc3 h3 13. g3 h4 14. Kh2 Nh6 15. Nd4 Ng4+ 16. Kg1 h2+ 17. Kh1 Nxf2+ 18. Rxf2 Qxf2 19. dxc6 hxg3 20. Qf1 Qxf1+ 21. Rxf1 Nxc6 22.
Ne6 Nxe5 23. Nc7+ Kd7 24. Nxa8 Ng4 25. Kg2 Ne3+ 0-1

[Event "Late-Titled-Tuesday-Blitz-April-16-2024"]
[Site "Chess.com"]
[Date "2024.04.16"]
[Round "7"]
[White "Statham_01"]
[Black "masterofpuppets2"]
[Result "0-1"]
[WhiteElo "2599"]
[BlackElo "2500"]
[TimeControl "180+1"]
[EndTime "15:13:20 PDT"]
[Termination "masterofpuppets2 won by checkmate"]

1. e4 e5 2. Nf3 Nc6 3. c3 d5 4. Bb5 dxe4 5. Nxe5 Qd5 6. Qa4 Qxe5 7. Bxc6+ bxc6 8. Qxc6+ Kd8 9. Qxa8 Nf6 10. b4 Qg5 11. g3 Ng4 12. O-O Qh5 13. h4 Ne5 14. Qxe4 Nf3+ 15. Kh1 Bd6 16. d4 Re8 17. Bg5+ f6 18.
Qd5 Qg4 19. Kg2 Qh3+ 20. Kxf3 Qh2 21. Bxf6+ gxf6 22. Nd2 Bh3 23. Rg1 f5 24. Qf7 Bg4# 0-1

[Event "Late-Titled-Tuesday-Blitz-April-16-2024"]
[Site "Chess.com"]
[Date "2024.04.16"]
[Round "7"]
[White "Savagelittlemole"]
[Black "a-z30"]
[Result "1-0"]
[WhiteElo "2497"]
[BlackElo "2379"]
[TimeControl "180+1"]
[EndTime "15:13:22 PDT"]
[Termination "Savagelittlemole won on time"]

1. d4 Nf6 2. Bg5 e6 3. e4 h6 4. Bxf6 Qxf6 5. Nc3 Bb4 6. Nf3 d6 7. Qd2 e5 8. a3 Bxc3 9. Qxc3 Nc6 10. Bb5 O-O 11. Bxc6 bxc6 12. dxe5 Qg6 13. O-O Qxe4 14. Rfe1 Qd5 15. Rad1 Qc5 16. Qxc5 dxc5 17. h3 Be6 18. Re3 a5 19. Rc3 Rab8 20. Rxc5 Rxb2 21. Rxc6 Ra2 22. Rd3 Rb8 23. Rxc7 Rbb2 24. Nd4 Rb1+ 25. Kh2 Rf1 26. Nxe6 fxe6 27. Rdd7 Rxf2 28. Rxg7+ Kf8 29. Rgd7 Kg8 30. Rd6 Raxc2 31. Rd8+ Rf8 32. Rxf8+ Kxf8 33. Rxc2 1-0

[Event "Late-Titled-Tuesday-Blitz-April-16-2024"]
[Site "Chess.com"]
[Date "2024.04.16"]
[Round "7"]
[White "nindjaxx8"]
[Black "gmcorrales"]
[Result "0-1"]
[WhiteElo "2671"]
[BlackElo "2935"]
[TimeControl "180+1"]
[EndTime "15:13:28 PDT"]
[Termination "gmcorrales won by resignation"]

1. d4 Nf6 2. c4 g6 3. Nc3 d5 4.
Bf4 Bg7 5. e3 O-O 6. Nf3 e6 7. Be2 b6 8. cxd5 Nxd5 9. Nxd5 exd5 10.
O-O c6 11. Rc1 Bb7 12. b4 Nd7 13. Bd3 Re8 14. Qe2 a5 15. a3 axb4 16. axb4 b5 17. Qc2 Qe7 18. Qb3 Ra4 19. Rb1 Bf8 20. Ne5 Nxe5 21.
Bxe5 Rea8 22. Qd1 Rxb4 23. Rxb4 Qxb4 24. Qf3 Qe7 25. h4 b4 26. h5 Ba6 27. Bxa6 Rxa6 28. hxg6 hxg6 29. Qh3 f6 30. Qc8 Rb6 31. Bc7 Rb5 32.
Bd8 Qe8 33. Qc7 b3 34. Bxf6 b2 35. Rb1 Qe4 36. Kh2 Qxb1 37. Be5 Qf5 38. Qxc6 b1=Q 0-1

[Event "Late-Titled-Tuesday-Blitz-April-16-2024"]
[Site "Chess.com"]
[Date "2024.04.16"]
[Round "7"]
[White "KorolDimitriy75"]
[Black "cthulhuuu"]
[Result "0-1"]
[WhiteElo "2320"]
[BlackElo "2456"]
[TimeControl "180+1"]
[EndTime "15:13:29 PDT"]
[Termination "cthulhuuu won on time"]

1. d4 Nf6 2. c4 e5 3. dxe5 Ng4 4. Bf4 Nc6 5. Nf3 Bb4+ 6. Nbd2 Qe7 7. e3 Ncxe5 8.
Nxe5 Nxe5 9. Be2 a5 10. O-O d6 11. Nb3 a4 12. a3 Ba5 13. Nxa5 Rxa5 14. Qd2 b6 15.
Rac1 O-O 16. Rfd1 Be6 17. Bg3 Rc5 18. Qb4 Bd7 19. h3 Nc6 20. Qd2 Na5 21. Rc3 Bc6 22. Qe1 h5 23. h4 Qf6 24. Rd4 Re8 25. Qd1 Re4 26. Bxh5 Nxc4 27. Bf3 Rxd4 28. exd4 Bxf3 29. Rxf3 Nxb2 0-1

[Event "Late-Titled-Tuesday-Blitz-April-16-2024"]
[Site "Chess.com"]
[Date "2024.04.16"]
[Round "7"]
[White "esrosenberg"]
[Black "JaackCamel"]
[Result "0-1"]
[WhiteElo "2325"]
[BlackElo "2242"]
[TimeControl "180+1"]
[EndTime "15:13:29 PDT"]
[Termination "JaackCamel won by resignation"]

1. d4 d5 2. Nf3 e6 3. g3 c6 4. Bg2 Nf6 5. O-O Nbd7 6. c4 dxc4 7. a4 b5 8. b3 cxb3 9. Qxb3 b4 10. a5 Rb8 11. Bf4 Rb5 12. Nbd2 Bb7 13. a6 Ba8 14.
Nc4 Nb6 15. Rfd1 Nbd5 16. Be5 Be7 17. e4 Nc3 18. Bxf6 Bxf6 19. e5 Be7 20. Rd2 O-O 21. h4 h6 22. Rd3 Qb8 23. Nfd2 Rd8 24. Ne4 Nxe4 25. Bxe4 c5 26. Bxa8 Qxa8 27. dxc5 Bxc5 28.
Nd6 Rbb8 29. Rad1 Qc6 30. Qc4 Rxd6 0-1

[Event "Late-Titled-Tuesday-Blitz-April-16-2024"]
[Site "Chess.com"]
[Date "2024.04.16"]
[Round "7"]
[White "manitodeplomo"]
[Black "noblerone"]
[Result "1-0"]
[WhiteElo "2638"]
[BlackElo "2488"]
[TimeControl "180+1"]
[EndTime "15:13:30 PDT"]
[Termination "manitodeplomo won on time"]

1. d4 d5 2. c4 c6 3. Nf3 Nf6 4. Nc3 dxc4 5. a4 Bf5 6. e3 e6 7. Bxc4 Bb4 8. O-O O-O 9. Nh4 Bg6 10. Nxg6 hxg6 11. Qc2 Nbd7 12. Ba2 c5 13. Rd1 Qa5 14. d5 e5 15. d6 Kh7 16. Ne4 Nxe4 17. Qxe4 Qd8 18.
Qxb7 a5 19. Qf3 Rc8 20. Bxf7 Qh4 21. g3 Qh3 22. Qd5 Rxf7 23. Qxf7 Nf6 24. d7 Rd8 25. e4 Ng4 26. Qf3 Qxh2+ 27. Kf1 Rf8 28. Qxf8 Qh1+ 29.
Ke2 Qxe4+ 30. Be3 Qc4+ 31. Kf3 1-0

[Event "Late-Titled-Tuesday-Blitz-April-16-2024"]
[Site "Chess.com"]
[Date "2024.04.16"]
[Round "7"]
[White "Narek_Ghimoyan"]
[Black "BenchGM"]
[Result "1-0"]
[WhiteElo "2484"]
[BlackElo "2307"]
[TimeControl "180+1"]
[EndTime "15:13:30 PDT"]
[Termination "Narek_Ghimoyan won on time"]

1. d4 Nf6 2. c4 e6 3. Nf3 d5 4. Nc3 dxc4 5. e3 a6 6. a4 c5 7.
Bxc4 cxd4 8. exd4 Nc6 9. O-O Be7 10. d5 exd5 11. Nxd5 Nxd5 12. Qxd5 Qxd5 13. Bxd5 O-O 14. Bf4 Nb4 15. Be4 f5 16. Bb1 b6 17.
Re1 Bc5 18. a5 Bb7 19. axb6 h6 20. Be3 Bxe3 21. Rxe3 Rad8 22. Ba2+ Nxa2 23. Rxa2 Rd1+ 24. Ne1 Rc8 25. b4 Rcc1 26. Rae2 f4 27. Re8+ Kh7 28.
R8e7 f3 29. gxf3 Bxf3 30. R2e3 Bh5 31. b7 Rd8 32. Rg3 Rc4 33. Rgxg7+ Kh8 34. Rh7+ Kg8 35. Reg7+ Kf8 36. Rh8+ Kxg7 37. Rxd8 1-0

[Event "Late-Titled-Tuesday-Blitz-April-16-2024"]
[Site "Chess.com"]
[Date "2024.04.16"]
[Round "7"]
[White "h4parah5"]
[Black "vladislavkovalev"]
[Result "1-0"]
[WhiteElo "3039"]
[BlackElo "2863"]
[TimeControl "180+1"]
[EndTime "15:13:36 PDT"]
[Termination "h4parah5 won on time"]

1. Nf3 Nf6 2. c4 e6 3. b3 d5 4. Bb2 Be7 5. e3 O-O 6. Nc3 b6 7. Rg1 c5 8. g4 d4 9. exd4 cxd4 10. Ne2 e5 11. g5 Nfd7 12. Ng3 Re8 13. Qc2 Nc5 14.
b4 Ncd7 15. Qe4 Qc7 16. Qxa8 Bb7 17. Qxa7 Nc6 18. Qa4 Nxb4 19. a3 Ra8 20. Qd1 Nc6 21.
Ne4 Nc5 22. Nxc5 Bxc5 23. Bd3 e4 24. Bxe4 d3 25. Kf1 Re8 26. Rg4 Qd7 27. Rh4 Na5 28. Bxb7 Qxb7 29. Kg1 Nb3 30. Ne5 1-0

[Event "Late-Titled-Tuesday-Blitz-April-16-2024"]
[Site "Chess.com"]
[Date "2024.04.16"]
[Round "7"]
[White "ural58"]
[Black "Meri-Arabidze"]
[Result "1-0"]
[WhiteElo "2526"]
[BlackElo "2645"]
[TimeControl "180+1"]
[EndTime "15:13:37 PDT"]
[Termination "ural58 won on time"]

1. e4 c5 2. b3 a6 3. d4 cxd4 4. Qxd4 Nc6 5. Qd2 Nf6 6. Nc3 e5 7. Bb2 Be7 8. O-O-O O-O 9. f4 d6 10. Nf3 Bg4 11. h3 Bxf3 12. gxf3 Nd4 13. Bc4 b5 14. Bd5 Rc8 15. fxe5 dxe5 16. f4 Nxd5 17. Nxd5 Rxc2+ 18. Qxc2 Nxc2 19. Kxc2 Bh4 20. fxe5 Qc8+ 21. Kb1 Qe6 22.
Rhg1 h6 23. Rg4 Bg5 24. Rdg1 g6 25. h4 Be7 26. Nf4 Qb6 27. Nxg6 Bc5 28. Nxf8+ Kxf8 29. Rf1 Bd4 30. Rgf4 Bxb2 31. Rxf7+ Ke8 32. Rf8+ Ke7 33. R1f7+ Ke6 34. Rf6+ 1-0

[Event "Late-Titled-Tuesday-Blitz-April-16-2024"]
[Site "Chess.com"]
[Date "2024.04.16"]
[Round "7"]
[White "WilsonPalencia21"]
[Black "laskakid"]
[Result "0-1"]
[WhiteElo "2544"]
[BlackElo "2369"]
[TimeControl "180+1"]
[EndTime "15:13:38 PDT"]
[Termination "laskakid won on time"]

1. d4 d6 2. Nf3 g6 3. c4 Bg7 4. Nc3 Nf6 5. e4 O-O 6. Be2 e5 7. O-O exd4 8. Nxd4 Re8 9. f3 c6 10. Kh1 Nbd7 11. Bg5 Qb6 12. Na4 Qa5 13. Bd2 Qd8 14. Bg5 Qa5 15. Bd2 Qd8 16. Nc2 Nc5 17. Nxc5 dxc5 18.
Bc3 Be6 19. Ne3 Qe7 20. e5 Nd7 21. f4 f6 22. Bg4 fxe5 23. Bxe6+ Qxe6 24. f5 Qe7 25. fxg6 hxg6 26. Qg4 Nf8 27. Qg3 Rad8 28. Ng4 Rd4 29. Bxd4 cxd4 30. Qf2 e4 31. Nf6+ Bxf6 32. Qxf6 Qxf6 33. Rxf6 e3 34. Kg1 d3 35. Rd6 d2 0-1

[Event "Late-Titled-Tuesday-Blitz-April-16-2024"]
[Site "Chess.com"]
[Date "2024.04.16"]
[Round "7"]
[White "Durarbayli"]
[Black "GothamChess"]
[Result "1-0"]
[WhiteElo "2884"]
[BlackElo "2694"]
[TimeControl "180+1"]
[EndTime "15:13:40 PDT"]
[Termination "Durarbayli won by resignation"]

1. e4 d5 2. exd5 Qxd5 3. Nc3 Qa5 4. Nf3 Nf6 5. Bc4 Bf5 6. O-O e6 7. Re1 Nc6 8. Bb5 Qb6 9. Ne5 Bd6 10. d4 O-O 11. Be3 Nd5 12. Bxc6 Nxc3 13. bxc3 Bxe5 14. Bf3 Bf6 15. Rb1 Qa5 16. Bxb7 Rab8 17. Qd2 Qxa2 18. Ra1 Qb2 19. Bc6 Qxc2 20. Qxc2 Bxc2 21. Rec1 Bg6 22. Rxa7 Rfc8 23. Bd7 Rd8 24. Rxc7 Rb2 25. h3 h6 26. c4 Be4 27. c5 Bg5 28. Bxg5 hxg5 29. c6 Kf8 30.
Rc8 Rxc8 31. Bxc8 Rb8 32. Ba6 Bxc6 33. Rxc6 1-0

[Event "Late-Titled-Tuesday-Blitz-April-16-2024"]
[Site "Chess.com"]
[Date "2024.04.16"]
[Round "7"]
[White "GMMikhailKazakov"]
[Black "Vincefm"]
[Result "1-0"]
[WhiteElo "2504"]
[BlackElo "2334"]
[TimeControl "180+1"]
[EndTime "15:13:40 PDT"]
[Termination "GMMikhailKazakov won by checkmate"]

1. e4 e5 2. Nf3 Nc6 3. Bb5 a6 4. Ba4 d6 5. h3 Bd7 6. c3 g6 7.
d4 Bg7 8. Be3 Nge7 9. Nbd2 O-O 10.
O-O h6 11. Re1 f5 12. dxe5 dxe5 13. exf5 gxf5 14. Bc5 e4 15. Nh4 Ne5 16. Bb3+ Kh7 17. Bc2 Bf6 18. Nxe4 fxe4 19. Rxe4 Kg7 20. Qe2 N5g6 21.
Nxg6 Nxg6 22. Qh5 Bg5 23. Rd4 b6 24. Qxg6+ Kh8 25. Qh7# 1-0

[Event "Late-Titled-Tuesday-Blitz-April-16-2024"]
[Site "Chess.com"]
[Date "2024.04.16"]
[Round "7"]
[White "Aygehovit1992"]
[Black "Sanan_Sjugirov"]
[Result "1-0"]
[WhiteElo "2802"]
[BlackElo "3006"]
[TimeControl "180+1"]
[EndTime "15:13:41 PDT"]
[Termination "Aygehovit1992 won by resignation"]

1. e4 c5 2. Nf3 d6 3. d4 cxd4 4. Nxd4 Nf6 5. Nc3 a6 6. h4 e5 7. Nb3 Be7 8. Be2 Be6 9. f4 exf4 10. Bxf4 Nc6 11. Qd2 Ne5 12. O-O-O Nfd7 13. h5 O-O 14. h6 g6 15. Nd5 Bxd5 16. Qxd5 Qc7 17.
Kb1 Rac8 18. c3 Nb6 19. Qa5 Bf6 20. Rhf1 Bh8 21. Bg4 Nec4 22. Qb4 Rcd8 23. Na5 Nxb2 24. Rxd6 Rxd6 25. Bxd6 Qd8 26. Nxb7 Qg5 27. Bxf8 N2a4 28.
Bg7 Bxg7 29. hxg7 Kxg7 30. Qd4+ Kg8 31. Qd8+ Qxd8 32. Nxd8 Nxc3+ 33. Ka1 Nxe4 34. Nxf7 h5 35. Be6 1-0

[Event "Late-Titled-Tuesday-Blitz-April-16-2024"]
[Site "Chess.com"]
[Date "2024.04.16"]
[Round "7"]
[White "Binary010"]
[Black "GM_dmitrij"]
[Result "0-1"]
[WhiteElo "2778"]
[BlackElo "2993"]
[TimeControl "180+1"]
[EndTime "15:13:42 PDT"]
[Termination "GM_dmitrij won by resignation"]

1. e4 e5 2. Nf3 Nc6 3. Bc4 Nf6 4. d3 Be7 5. O-O O-O 6. Nc3 d6 7. a4 Bg4 8. h3 Bh5 9. Be3 Kh8 10. a5 a6 11. Nd5 Nxd5 12. Bxd5 Qd7 13. g4 Bg6 14. Kg2 Nd8 15. Nd2 c6 16. Bb3 d5 17. f4 exf4 18.
Bxf4 Ne6 19. Be3 Bc5 20. Bxc5 Nxc5 21. exd5 cxd5 22. Qf3 Rad8 23. Ba2 f5 24. Qe3 Qc6 25.
Qd4 Ne6 26. Qc3 Qd6 27. Rae1 Nf4+ 28. Kh1 d4 29. Qc4 Bf7 30. Qa4 Qh6 31. Rf3 Nxh3 0-1

[Event "Late-Titled-Tuesday-Blitz-April-16-2024"]
[Site "Chess.com"]
[Date "2024.04.16"]
[Round "7"]
[White "Bkmzzzzz"]
[Black "Caracal3000"]
[Result "1-0"]
[WhiteElo "2390"]
[BlackElo "2477"]
[TimeControl "180+1"]
[EndTime "15:13:44 PDT"]
[Termination "Bkmzzzzz won by resignation"]

1. e4 e5 2. Nf3 Nc6 3. Nc3 Nf6 4. d4 exd4 5. Nxd4 Bb4 6. Nxc6 bxc6 7. Bd3 d5 8. exd5 cxd5 9. O-O O-O 10. Bg5 Be6 11.
Na4 Bd6 12. c3 c5 13. Bc2 Qc7 14. Bxf6 gxf6 15. Qh5 f5 16. Bxf5 Bxf5 17. Qxf5 Bxh2+ 18. Kh1 Be5 19. Nxc5 Qd6 20. Nd7 Rfe8 21. f4 Bg7 22. Rad1 d4 23. cxd4 Re2 24. Ne5 Qd5 25. Rf3 Rb8 26. Rg3 Qe6 27. Qg5 1-0

[Event "Late-Titled-Tuesday-Blitz-April-16-2024"]
[Site "Chess.com"]
[Date "2024.04.16"]
[Round "7"]
[White "trriinu"]
[Black "shirovin"]
[Result "1-0"]
[WhiteElo "2259"]
[BlackElo "2047"]
[TimeControl "180+1"]
[EndTime "15:13:44 PDT"]
[Termination "trriinu won on time"]

1. e4 Nf6 2. e5 Nd5 3. d4 d6 4. c4 Nb6 5. exd6 exd6 6. Nc3 Be7 7.
Bd3 O-O 8. Be3 Bf6 9. a4 Nc6 10. a5 Nd7 11. Nge2 Re8 12. O-O Nf8 13. Nd5 Bg5 14. Nef4 Ng6 15. Qh5 Bxf4 16. Nxf4 Qf6 17. Nd5 Qd8 18. Bg5 Qd7 19. Rfe1 Rxe1+ 20. Rxe1 b6 21. f4 Bb7 22. f5 Nf8 23. f6 Ng6 24.
fxg7 Re8 25. Nf6+ Kxg7 26. Qh6+ Kh8 27. Rxe8+ Qxe8 28. Nxe8 1-0

[Event "Late-Titled-Tuesday-Blitz-April-16-2024"]
[Site "Chess.com"]
[Date "2024.04.16"]
[Round "7"]
[White "eljanov"]
[Black "ellatambien"]
[Result "1-0"]
[WhiteElo "2901"]
[BlackElo "2722"]
[TimeControl "180+1"]
[EndTime "15:13:45 PDT"]
[Termination "eljanov won on time"]

1. d4 Nf6 2. Bf4 d5 3. e3 c5 4. Nf3 Nc6 5. Nbd2 Nh5 6. dxc5 Nxf4 7. exf4 g6 8. c3 Bh6 9. g3 O-O 10. Bg2 b6 11. cxb6 Qxb6 12. Nb3 a5 13. Qd2 e5 14.
O-O exf4 15. Nbd4 Nxd4 16. Nxd4 Be6 17. Rfe1 Rab8 18. Nxe6 fxe6 19. Rxe6 Qxb2 20. Qxb2 Rxb2 21. Bxd5 Kh8 22. g4 Bg7 23. Rc1 a4 24. Ra6 Rd2 25.
Be6 Re8 26. Kg2 h5 27. gxh5 gxh5 28. Bf5 Rf8 29. Be4 Rxa2 30. Kf3 Ra3 31. Rc6 Rb3 32.
Bd5 Rb5 33. Bc4 Ra5 34. Rc7 a3 35. Rg1 Bxc3 36. Rg6 1-0

[Event "Late-Titled-Tuesday-Blitz-April-16-2024"]
[Site "Chess.com"]
[Date "2024.04.16"]
[Round "7"]
[White "amanmuhammethommadov"]
[Black "RuperezA"]
[Result "1-0"]
[WhiteElo "2811"]
[BlackElo "2607"]
[TimeControl "180+1"]
[EndTime "15:13:45 PDT"]
[Termination "amanmuhammethommadov won by resignation"]

1. e4 e6 2. d4 d5 3. e5 c5 4. c3 Nc6 5. Nf3 Qb6 6. a3 Nh6 7. b4 cxd4 8. cxd4 Nf5 9. Bb2 Be7 10. Bd3 Bd7 11. Bxf5 exf5 12. Nc3 Be6 13. O-O O-O 14. Rc1 f4 15. h3 Qd8 16. Na4 Bf5 17.
Nc5 Bxc5 18. Rxc5 g5 19. Qd2 Rc8 20. Rfc1 h6 21. b5 Ne7 22. a4 b6 23. Rxc8 Bxc8 24.
Ba3 Re8 25. Qc3 Bf5 26. Qc7 Qa8 27. Qd6 Ng6 28. Rc7 a6 29. Qxb6 axb5 30. Ra7 Qc8 31. axb5 Be4 32. Qf6 Nh8 33. Qc6 Bxf3 34. Qxc8 Rxc8 35.
gxf3 Ng6 36. b6 Rb8 37. b7 Kh7 38. Bd6 1-0

[Event "Late-Titled-Tuesday-Blitz-April-16-2024"]
[Site "Chess.com"]
[Date "2024.04.16"]
[Round "7"]
[White "ArchibaldCerveza29"]
[Black "Harry_Rakkel"]
[Result "0-1"]
[WhiteElo "2378"]
[BlackElo "2719"]
[TimeControl "180+1"]
[EndTime "15:13:50 PDT"]
[Termination "Harry_Rakkel won on time"]

1. e4 c5 2. c3 Nf6 3. e5 Nd5 4. d4 cxd4 5. Nf3 e6 6. cxd4 d6 7. Nc3 Nxc3 8. bxc3 Nd7 9. exd6 Bxd6 10. Bd3 Qc7 11.
O-O O-O 12. Qe1 g6 13. Bh6 Re8 14. c4 b6 15. Qe4 Bb7 16. Qg4 Bxf3 17. Qxf3 Bxh2+ 18. Kh1 Bd6 19. Rae1 Qd8 20. g3 Qf6 21. Qg4 Bf8 22.
Bg5 Qg7 23. Kg2 h6 24. Bd2 Rad8 25. Rh1 h5 26. Qh4 Nc5 27. dxc5 Rxd3 28. Be3 Bxc5 29. Bxc5 bxc5 30. Re4 Rb8 31. g4 Rb2 32. gxh5 Rdd2 33. Rf4 g5 34. h6 Qg6 35. h7+ Kh8 0-1

[Event "Late-Titled-Tuesday-Blitz-April-16-2024"]
[Site "Chess.com"]
[Date "2024.04.16"]
[Round "7"]
[White "HipsterChess22"]
[Black "maurovargas01"]
[Result "1-0"]
[WhiteElo "2238"]
[BlackElo "1897"]
[TimeControl "180+1"]
[EndTime "15:13:51 PDT"]
[Termination "HipsterChess22 won on time"]

1. d4 c6 2. Nc3 d5 3. Bf4 e6 4. a3 f5 5. e3 Nf6 6. Nf3 Bd6 7. Bd3 O-O 8. O-O Ne4 9. Ne2 g5 10. Bxd6 Qxd6 11. Bxe4 fxe4 12. Nxg5 h6 13. Nh3 e5 14. dxe5 Qxe5 15. Nef4 Qg7 16. Qh5 Bd7 17. Qh4 Bf5 18.
c3 Nd7 19. Nh5 Qg6 20. N3f4 Qg5 21. Qg3 Ne5 22. Rad1 Kf7 23. Rd2 Rg8 24. Qxg5 1-0

[Event "Late-Titled-Tuesday-Blitz-April-16-2024"]
[Site "Chess.com"]
[Date "2024.04.16"]
[Round "7"]
[White "McCarthyStone"]
[Black "Bala-Afiada"]
[Result "1-0"]
[WhiteElo "2380"]
[BlackElo "2022"]
[TimeControl "180+1"]
[EndTime "15:13:51 PDT"]
[Termination "McCarthyStone won on time"]

1. b3 d5 2. Bb2 c5 3. e3 Nc6 4. f4 b6 5. Bb5 Bb7 6. Nf3 Qc8 7. Ne5 e6 8. Qh5 Nh6 9. O-O a6 10. Bxc6+ Bxc6 11. d3 Rg8 12. Nd2 g6 13. Qh3 Qb7 14. Ndf3 O-O-O 15. Nxc6 Qxc6 16. Ne5 Qb7 17. a4 d4 18. e4 f5 19. Rfe1 Nf7 20. Qxh7 Nxe5 21. Qxb7+ Kxb7 22. fxe5 Bh6 23. exf5 Be3+ 24. Rxe3 gxf5 25.
Rg3 Rxg3 26. hxg3 Rg8 27. Kf2 Rg4 28. Bc1 Kc6 29. Bf4 Kd5 30. Rh1 b5 31. a5 c4 32.
Rh8 cxb3 33. cxb3 Rg7 34. Ra8 Rh7 35. Rxa6 Rc7 36. Rd6+ Kc5 37. Rxe6 Kb4 38. a6 Kxb3 39. Rb6 Ka4 40. Rb7 Rc2+ 41. Kf3 Kb4 42. a7 Ra2 43. e6 1-0

[Event "Late-Titled-Tuesday-Blitz-April-16-2024"]
[Site "Chess.com"]
[Date "2024.04.16"]
[Round "7"]
[White "JiangoFett"]
[Black "CarlosjPineror"]
[Result "0-1"]
[WhiteElo "2545"]
[BlackElo "2697"]
[TimeControl "180+1"]
[EndTime "15:13:53 PDT"]
[Termination "CarlosjPineror won on time"]

1. d4 Nf6 2. c4 d6 3. Nf3 g6 4.
e3 Bg7 5. Be2 O-O 6. O-O c5 7.
d5 b5 8. cxb5 a6 9. Nc3 Nbd7 10.
Nd2 axb5 11. Bxb5 Ba6 12. Nc4 Ne4 13. Bxa6 Nxc3 14. bxc3 Rxa6 15. Qd3 Qa8 16. a3 Rb8 17. Bd2 Nb6 18. Nxb6 Rbxb6 19. Qe4 Bf6 20. a4 Rb2 21. Rfd1 Rxd2 22. Rxd2 Bxc3 23. Rda2 Bxa1 24. Rxa1 e6 25. Rd1 Rxa4 26. Qf3 Ra1 27. h4 Rxd1+ 28. Qxd1 Qxd5 29. Qa1 Qe5 30. Qa8+ Kg7 31. g3 h5 32. Qd8 c4 33.
Qc7 c3 34. Kh2 Qf6 35. f4 d5 36. Qc5 Kh7 37. Qc7 Qg7 38. Kg2 Kg8 39. Qc8+ Kh7 40. Qc7 Qf6 41. Qc8 Kg7 42. Qc7 d4 43. e4 e5 0-1

[Event "Late-Titled-Tuesday-Blitz-April-16-2024"]
[Site "Chess.com"]
[Date "2024.04.16"]
[Round "7"]
[White "XDPS"]
[Black "MeisterJabo"]
[Result "1-0"]
[WhiteElo "2830"]
[BlackElo "2527"]
[TimeControl "180+1"]
[EndTime "15:13:54 PDT"]
[Termination "XDPS won on time"]

1. e4 e5 2. Nf3 Nf6 3. Nc3 Nc6 4. Bb5 Nd4 5. Bc4 Bc5 6. O-O d6 7. Nxd4 Bxd4 8. d3 O-O 9. Bg5 h6 10. Bh4 c6 11. Bb3 Be6 12. Kh1 g5 13. Bg3 Kg7 14.
Qd2 Nh5 15. Nd1 Bxb3 16. axb3 f5 17. exf5 Rxf5 18. Ne3 Bxe3 19. fxe3 Nxg3+ 20. hxg3 Qd7 21. e4 Rxf1+ 22. Rxf1 Rf8 23. Rxf8 Kxf8 24. Qf2+ Kg7 25. Qxa7 h5 26. Kg1 Kg6 27. Qb8 Kg7 28. b4 h4 29.
gxh4 gxh4 30. Kh2 Qe7 31. Qc8 Qf6 32. Qg4+ Kf8 33. Kh3 Qh6 34. Qxh4 Qe3+ 35. Qg3 Qh6+ 36. Kg4 Qd2 37. Kf5 Qxc2 38. Kf6 1-0

[Event "Late-Titled-Tuesday-Blitz-April-16-2024"]
[Site "Chess.com"]
[Date "2024.04.16"]
[Round "7"]
[White "akanga001"]
[Black "picturesquecheck"]
[Result "0-1"]
[WhiteElo "2131"]
[BlackElo "2406"]
[TimeControl "180+1"]
[EndTime "15:13:54 PDT"]
[Termination "picturesquecheck won by resignation"]

1. d4 d6 2. Nf3 g6 3. c3 Bg7 4. Bg5 Nd7 5. Nbd2 h6 6. Bh4 Ngf6 7. e3 O-O 8. a4 c5 9. Be2 b6 10. O-O Bb7 11. Qc2 Rc8 12. Rfc1 Nd5 13. Qd1 N7f6 14. Qf1 cxd4 15. exd4 Qd7 16. Ba6 Rfe8 17. Bxb7 Qxb7 18. Bg3 Nh5 19. Qb5 a6 20. Qf1 b5 21. axb5 axb5 22. Nb3 Ndf4 23. Bxf4 Nxf4 24. Nbd2 e5 25. g3 Ne6 26.
dxe5 dxe5 27. Qg2 e4 28. Nh4 Ng5 29. Nf1 b4 30. Ne3 bxc3 31. bxc3 Rxc3 32. Rxc3 Bxc3 33. Rd1 Bg7 34. Qf1 Qc8 35. g4 Be5 36. Nc4 Qxg4+ 37. Kh1 Qxh4 38. Nxe5 Rxe5 39. Rd8+ Kh7 40. Rd2 Nf3 0-1